 Dungeon Crawl Stone Soup version 0.30-a0-989-g0d87f670db (webtiles) character file.

Game seed: 2005717647947004565

136372 Lobster4 the Nimble (level 17, -3/131 HPs)
             Began as a Merfolk Ice Elementalist on Apr 2, 2023.
             Was the Champion of the Shining One.
             Slain by a +6 long sword (18 damage)
             ... on level 12 of the Dungeon.
             The game lasted 02:14:40 (31960 turns).

Lobster4 the Nimble (Merfolk Ice Elementalist)     Turns: 31960, Time: 02:14:40

Health: -3/131     AC: 16    Str:  9    XL:     17   Next: 21%
Magic:  25/39      EV: 29    Int: 22    God:    the Shining One [******]
Gold:   1771       SH:  7    Dex: 26    Spells: 17/35 levels left

rFire   . . .      SeeInvis .    T - +10 trident of Zipym {protect, Dex+7}
rCold   . . .      Faith    .    s - +0 buckler
rNeg    + + +      Spirit   .    L - +2 robe {Will+}
rPois   +          Reflect  .    A - +2 hat
rElec   .          Rampage  .    x - +2 cloak {rPois}
rCorr   +                        U - +2 pair of gloves {Dex+3}
Will    ++...                    z - +2 pair of boots of Charmed Tender Moments {Dex+2}
Stlth   +                        V - macabre finger necklace {Finger+ rN+}
HPRegen 0.41/turn                O - ring of resist corrosion
MPRegen 0.26/turn                S - ring of magical power
                                 K - +5 ring of evasion

@: about to teleport, very slightly contaminated, hasted, glowing, very quick
A: (nimble swimmer 2), mertail
a: Renounce Religion, Divine Shield, Cleansing Flame, Summon Divine Warrior,
Brand Weapon With Holy Wrath


You were on level 12 of the Dungeon.
You worshipped the Shining One.
The Shining One was exalted by your worship.
You visited 4 branches of the dungeon, and saw 21 of its levels.
You also visited: Gauntlet.

You collected 2624 gold pieces.
You spent 853 gold pieces at shops.

Inventory:

Hand Weapons
 a - a +5 falchion of holy wrath
 b - the +9 sling "Giyk" {heavy, Str+7 Dex+3}
   (You found it on level 8 of the Dungeon)

   Str:       It affects your strength (+7).
   Dex:       It affects your dexterity (+3).
 y - a +5 falchion
 D - a +2 scimitar of freezing
 H - a +1 dagger of freezing
 N - a +1 spear of venom
 T - the +10 trident of Zipym (weapon) {protect, Dex+7}
   (You bought it in a shop on level 2 of the Orcish Mines)

   Dex:       It affects your dexterity (+7).
Missiles
 n - 2 boomerangs of dispersal
 u - 5 curare-tipped darts
 w - 7 silver javelins
 C - 27 poisoned darts (quivered)
Armour
 s - a +0 buckler (worn)
 x - a +2 cloak of poison resistance (worn)
 z - the +2 pair of boots of Charmed Tender Moments (worn) {Dex+2}
   (You found it on level 8 of the Dungeon)

   Dex:       It affects your dexterity (+2).
 A - a +2 hat (worn)
 G - the +5 ring mail "Motsen" {Str+3}
   (You found it on level 1 of the Lair of Beasts)

   Str:       It affects your strength (+3).
 L - a +2 robe of willpower (worn)
 Q - a +2 pair of boots of flying
 U - a +2 pair of gloves of dexterity (worn)
Jewellery
 B - a ring of flight
 K - a +5 ring of evasion (on amulet)
 O - a ring of resist corrosion (left hand)
 S - a ring of magical power (right hand)
 V - the macabre finger necklace (around neck) {Finger+ rN+}
   (You found it in a Gauntlet)

   [amulet of nothing]

   Finger+:   It enables you to equip an extra ring.
   rN:        It protects you from negative energy.
Wands
 c - a wand of iceblast (7)
 g - a wand of acid (15)
 r - a wand of paralysis (10)
 v - a wand of digging (16)
 J - a wand of flame (18)
 W - a wand of mindburst (5)
Scrolls
 f - a scroll of brand weapon
 t - 5 scrolls of teleportation
 E - 2 scrolls of magic mapping
 F - a scroll of fear
 I - 3 scrolls of immolation
 M - a scroll of enchant weapon
 R - a scroll of silence
 Z - 2 scrolls of fog
Potions
 d - a potion of resistance
 e - 2 potions of brilliance
 h - 3 potions of cancellation
 i - a potion of ambrosia
 j - 3 potions of mutation
 k - 2 potions of berserk rage
 l - 4 potions of magic
 m - 7 potions of curing
 o - a potion of haste
 p - a potion of lignification
 q - a potion of might
Miscellaneous
 P - a piece from Xom's chessboard (15/15)
 X - a lightning rod (4/4)


   Skills:
 + Level 11.0 Fighting
 - Level 9.8(10.3) Short Blades
 - Level 4.8(8.0) Long Blades
 + Level 7.6 Polearms
 + Level 6.4 Ranged Weapons
 - Level 3.0 Throwing
 + Level 6.4 Armour
 + Level 13.3 Dodging
 - Level 2.1 Stealth
 - Level 6.0 Shields
 + Level 9.7 Spellcasting
 + Level 3.0 Conjurations
 - Level 3.0 Hexes
 - Level 6.0 Summonings
 + Level 12.0 Ice Magic
 - Level 3.0 Air Magic
 + Level 7.3 Poison Magic
 + Level 6.9 Invocations
 - Level 3.0 Evocations


You had 17 spell levels left.
You knew the following spells:

 Your Spells              Type           Power      Damage    Failure   Level
a - Freeze                Ice            100%       1d10      1%          1
b - Frozen Ramparts       Ice            100%       1d16      1%          3
c - Ensorcelled Hibernat  Hex/Ice        86%        N/A       1%          2
d - Ozocubu's Armour      Ice            59%        N/A       1%          3
e - Poisonous Vapours     Pois/Air       66%        N/A       1%          2
f - Mephitic Cloud        Conj/Pois/Air  30%        N/A       3%          3
g - Summon Ice Beast      Ice/Summ       50%        N/A       1%          4

Your spell library contained the following spells:

 Spells                   Type           Power      Damage    Failure   Level
 Cigotuvi's Dreadful Rot  Necr/Pois/Air  50%        N/A       3%          2
 Spider Form              Tmut/Pois      26%        N/A       5%          3
 Momentum Strike          Conj/Tloc      34%        3d8       6%          2
 Dazzling Flash           Conj/Hex       48%        N/A       7%          3
 Ice Form                 Ice/Tmut       37%        N/A       7%          4
 Apportation              Tloc           20%        N/A       8%          1
 Beastly Appendage        Tmut           20%        N/A       8%          1
 Ignite Poison            Fire/Tmut/Pois 21%        N/A       9%          3
 Blink                    Tloc           20%        N/A       12%         2
 Lesser Beckoning         Tloc           20%        N/A       12%         2
 Wereblood                Tmut           10%        N/A       12%         2
 Iskenderun's Mystic Bla  Conj/Tloc      17%        2d5       38%         4
 Sticky Flame             Conj/Fire      17%        2d4       38%         4
 Alistair's Intoxication  Tmut/Pois      17%        N/A       43%         5
 Ozocubu's Refrigeration  Ice            29%        4d14      43%         7
 Iskenderun's Battlesphe  Conj           24%        2d8       54%         5
 Passage of Golubria      Tloc           10%        N/A       61%         4
 Yara's Violent Unravell  Hex/Tmut       8%         3d5       75%         5
 Starburst                Conj/Fire      8%         6d4       100%        6
 Ignition                 Fire           5%         3d4       100%        8


Dungeon Overview and Level Annotations

Branches:
Dungeon (13/15)            Temple (1/1) D:4            Lair (5/5) D:8
 Shoals (0/4) Lair:3       Spider (0/4) Lair:2        Slime (0/5) Lair:5
    Orc (2/2) D:11            Elf (0/3) Orc:2       Gauntlet (visited)
 Vaults: D:13-14

Altars:
Ashenzari
Cheibriados
Dithmenos
Elyvilon
Fedhas
Gozag
Hepliaklqana
Kikubaaqudgha
Makhleb
Nemelex Xobeh
Okawaru
Qazlal
Ru
Sif Muna
Trog
Uskayaw
Vehumet
Wu Jian
Xom
Yredelemnul
Zin
The Shining One
Jiyva
Lugonu

Shops:
D:5 (   Orc:1 *   Orc:2 :[*(

Portals:
Abyss: Lair:5

Annotations:
D:13 3 runed translucent doors, ytrimaz's ghost, journeyman FoFi


Innate Abilities, Weirdness & Mutations

((You are very nimble when in or above water. (Stealth+, EV+, Speed+++)))
Your lower body shifts to a powerful aquatic tail in water.


Message History

Your ice beast dies!
Your ice beast disappears in a puff of smoke!
Casting: Summon Ice Beast (mildly dangerous; 1% risk of failure)
Confirm with . or Enter, or press ? or * to list all spells.
A chill wind blows around you.
Unknown command.
You swap places.
Your ice beast barely misses the +6 long sword.
The +6 long sword hits your ice beast!!
Your ice beast hits the +6 long sword.
Your ice beast freezes the +6 long sword.
The +6 long sword resists.
The +6 long sword hits your ice beast!!
Your ice beast dies!
Your ice beast disappears in a puff of smoke!
Casting: Summon Ice Beast (mildly dangerous; 1% risk of failure)
Confirm with . or Enter, or press ? or * to list all spells.
You miscast Summon Ice Beast.
You are very lightly contaminated with residual magic.
Nothing appears to happen.
The +6 long sword attacks as you move away!
You block the +6 long sword's attack.
The +6 long sword attacks as you move away!
The +6 long sword hits you!
* * * LOW HITPOINT WARNING * * *
The +6 long sword hits you.
* * * LOW HITPOINT WARNING * * *
Okay, then.
You feel yourself speed up. The +6 long sword barely misses you.
You see here a scroll of identify.
The +6 long sword attacks as you move away!
The +6 long sword hits you. The Shining One protects you from harm!
There is a stone staircase leading up here.
You block the +6 long sword's attack.
You climb upwards.
There is a stone staircase leading down here.
As you read the scroll of teleportation, it crumbles to dust.
You feel strangely unstable. You block the +6 long sword's attack.
You feel better. The +6 long sword hits you!!
You die...

#### #.##.####...# #.##.##.#
#...........# ###'#..##.#
#.##.###.#.## #..........
#.##.....#.## #....#.##..
#.#####.....# #....#.##.. #.#
#.....#####....#.##.. #.#
###...#.....#+##.....
#.#######(....#####.#######
#.........@.........#
######################### # ###
### ### ### ### #.'..#
###8###8###8###8###8######.#####
'.)...............'....))..#.(.#
###8###8#)#8###8###8#.###..#...#
#########.###########'#....#...##
(###...........###!##.#^...###'#.
.'...............'.##.#........#.


You could see a +6 long sword.

Vanquished Creatures
  Jorgrun (Orc:2)
  An orc warlord (Orc:2)
  An ettin (D:12)
  A catoblepas (Lair:5)
  The ghost of DeathPants the Grappler, a novice TrFi of Gozag (D:9)
  4 centaur warriors
  A boulder beetle (D:11)
  A dancing weapon (D:13)
  2 tengu warriors
  2 two-headed ogres
  11 death yaks (Lair:2)
  An orc high priest (Orc:2)
  A thrashing horror (Lair:5)
  Urug (D:11)
  Sonja (D:12)
  A fire crab (Gauntlet)
  2 skysharks
  3 ugly things
  4 orc knights
  4 deep elf pyromancers
  2 orc sorcerers (Orc:2)
  A cyclops (D:11)
  A worldbinder (Gauntlet)
  5 manticores
  9 elephants (Lair:5)
  Joseph (D:8)
  2 molten gargoyles (Lair:3)
  A torpor snail (Lair:2)
  9 cane toads
  An eye of devastation (shapeshifter) (D:8)
  4 black mambas
  2 smoke demons (Lair:5)
  Psyche (D:9)
  An efreet (D:12)
  2 unseen horrors
  Maggie (D:7)
  A rime drake (D:8)
  8 komodo dragons
  4 tengu conjurers
  2 ancient zymes (Lair:5)
  2 polar bears
  6 trolls
  20 blink frogs
  20 dream sheep
  A hornet (D:7)
  6 slime creatures (D:12)
  9 small abominations (Lair:5)
  A ynoxinul (Lair:5)
  4 shadows
  8 wraiths
  Eustachio (D:5)
  46 yaks
  5 wyverns
  4 basilisks
  6 fire bats (Gauntlet)
  4 steam dragons
  A chaos spawn (Lair:5)
  3 vampire mosquitoes (D:11)
  2 large abominations (Lair:5)
  2 wargs
  3 hell hounds (Gauntlet)
  27 orc warriors
  6 water moccasins
  11 ice beasts
  6 black bears
  6 ogres
  14 wolves
  13 centaurs
  3 phantoms
  3 kobold brigands
  7 bullfrogs
  2 gnoll sergeants (D:6)
  8 scorpions
  15 wights
  19 killer bees
  A howler monkey (D:12)
  5 lava snakes (Lair:3)
  3 quasits (D:5)
  A hound (D:5)
  A jelly (Lair:5)
  A gnoll bouda (D:5)
  Crazy Yiuf (D:3)
  14 orc priests
  7 iguanas
  A sleepcap (D:4)
  30 orc wizards
  2 nameless horrors
  14 gnolls
  4 adders
  A shadow imp (D:7)
  2 white imps
  3 worms
  4 dart slugs
  66 orcs
  6 ball pythons
  7 bats
  7 endoplasms
  5 giant cockroaches
  9 goblins
  7 hobgoblins
  6 jackals (D:1)
  12 kobolds
  4 quokkas
  6 frilled lizards
  4 rats
630 creatures vanquished.

Vanquished Creatures (collateral kills)
  Saint Roka (Orc:2)
  A minotaur (Gauntlet)
  Erolcha (Orc:2)
  3 hydras
  A thrashing horror (Lair:5)
  A skeletal warrior (D:12)
  An orc knight (Orc:2)
  2 ugly things
  An oklob plant (Lair:2)
  An elephant (Lair:5)
  A large abomination (Lair:5)
  3 black mambas
  A smoke demon (Lair:5)
  A water nymph (Lair:3)
  2 cane toads
  4 komodo dragons
  An ancient zyme (Lair:5)
  A polar bear (Lair:4)
  13 blink frogs
  6 dream sheep
  A spriggan (Lair:5)
  A golden eye (shapeshifter) (Lair:5)
  15 yaks
  A steam dragon (Lair:4)
  4 basilisks
  2 wargs (Orc:2)
  6 water moccasins
  10 orc warriors
  A black bear (Lair:3)
  A centaur (D:12)
  A kobold brigand (D:8)
  A gnoll sergeant (D:10)
  3 bullfrogs
  A killer bee (D:8)
  A howler monkey (D:8)
  4 jellies
  7 orc priests
  13 orc wizards
  5 small abominations (Lair:5)
  A gnoll (D:10)
  18 orcs
  2 kobolds (D:10)
145 creatures vanquished.

Vanquished Creatures (others)
  2 orc priests (Orc:1)
  An orc wizard (Orc:1)
  An orc (Orc:1)
  28 demonic plants (Gauntlet)
  35 fungi
  30 plants
97 creatures vanquished.

Grand Total: 872 creatures vanquished

Notes
Turn   | Place    | Note
-------+----------+-------------------------------------------
     0 | D:1      | Lobster4 the Merfolk Ice Elementalist began the quest for
                  | the Orb.
     0 | D:1      | Reached XP level 1. HP: 13/13 MP: 3/3
   157 | D:1      | Reached skill level 3 in Dodging
   157 | D:1      | Reached XP level 2. HP: 20/20 MP: 3/5
   344 | D:1      | Reached skill level 1 in Fighting
   671 | D:1      | Found a faded altar of an unknown god.
   780 | D:1      | Reached XP level 3. HP: 26/26 MP: 6/6
   855 | D:1      | Learned a level 3 spell: Frozen Ramparts
  1465 | D:2      | Reached skill level 1 in Short Blades
  1791 | D:2      | Reached XP level 4. HP: 32/32 MP: 7/7
  1795 | D:2      | Learned a level 3 spell: Ozocubu's Armour
  2487 | D:2      | Reached skill level 1 in Polearms
  2677 | D:3      | Reached XP level 5. HP: 15/38 MP: 0/8
  2889 | D:3      | Found a runed translucent door.
  2890 | D:3      | Noticed Crazy Yiuf
  2994 | D:3      | Reached skill level 5 in Ice Magic
  3275 | D:3      | Killed Crazy Yiuf
  3276 | D:3      | Reached skill level 4 in Dodging
  3583 | D:4      | Reached XP level 6. HP: 46/46 MP: 10/10
  3790 | D:4      | Found a shimmering altar of Xom.
  4039 | D:4      | Found a staircase to the Ecumenical Temple.
  4048 | Temple   | Entered the Ecumenical Temple
  4086 | Temple   | Became a worshipper of the Shining One
  4461 | D:4      | Reached skill level 1 in Evocations
  4751 | D:5      | Entered Level 5 of the Dungeon
  4755 | D:5      | Noticed an ice beast
  4766 | D:4      | Killed an ice beast
  4830 | D:5      | Reached XP level 7. HP: 51/51 MP: 7/11
  5357 | D:5      | Reached skill level 5 in Dodging
  5474 | D:5      | Noticed Eustachio
  5486 | D:5      | Killed Eustachio
  5487 | D:5      | Reached XP level 8. HP: 60/60 MP: 0/13
  5635 | D:5      | Reached * piety under the Shining One
  5734 | D:5      | Found Eschedutu's Weapon Shoppe.
  6100 | D:5      | Reached skill level 1 in Throwing
  6775 | D:6      | Reached skill level 5 in Polearms
  6775 | D:6      | Reached skill level 6 in Dodging
  6907 | D:6      | Reached XP level 9. HP: 48/66 MP: 7/15
  7871 | D:7      | Reached skill level 5 in Fighting
  8051 | D:7      | Reached ** piety under the Shining One
  8159 | D:7      | Noticed Maggie
  8166 | D:7      | Killed Maggie
  8167 | D:7      | Reached skill level 5 in Short Blades
  8168 | D:7      | Reached skill level 5 in Spellcasting
  8247 | D:7      | Found an iron altar of Okawaru.
  8408 | D:7      | Reached skill level 7 in Dodging
  8624 | D:7      | Learned a level 4 spell: Summon Ice Beast
  9015 | D:7      | Reached skill level 1 in Summonings
  9256 | D:7      | Noticed a hornet
  9257 | D:7      | Paralysed by a hornet for 3 turns
  9262 | D:7      | Killed a hornet
 10151 | D:8      | Reached skill level 1 in Armour
 10151 | D:8      | Reached XP level 10. HP: 76/76 MP: 18/18
 10236 | D:8      | Identified the +2 battleaxe "String" {freeze, Dex+4}
 10241 | D:8      | Reached skill level 1 in Invocations
 10417 | D:8      | Reached skill level 8 in Dodging
 10571 | D:8      | Found a staircase to the Lair.
 10925 | D:8      | Noticed Joseph
 11079 | D:8      | Killed Joseph
 11115 | D:8      | Noticed a two-headed ogre
 11439 | D:8      | a wind drake changed into a cyclops
 11439 | D:8      | Noticed a cyclops (shapeshifter)
 11457 | D:8      | Killed a two-headed ogre
 11458 | D:8      | Reached XP level 11. HP: 71/83 MP: 14/20
 11621 | D:8      | Identified the +2 pair of boots of Charmed Tender Moments
                  | {Dex+2}
 11894 | D:8      | Identified the +9 sling "Giyk" {heavy, Str+7 Dex+3}
 11897 | D:8      | Got the Cyclopedia of the Coruscating Map
 12000 | D:9      | Identified a scroll of acquirement
 12019 | D:9      | Found a runed translucent gate.
 12019 | D:9      | Found a runed translucent gate.
 12019 | D:9      | Found a runed translucent gate.
 12020 | D:9      | Noticed DeathPants's ghost (novice TrFi)
 12048 | D:9      | Acquired 529 gold pieces
 12050 | D:9      | Acquired the Compilation of the Unstable Winter
 12055 | D:9      | Learned a level 2 spell: Ensorcelled Hibernation
 12221 | D:9      | Reached skill level 9 in Dodging
 12295 | D:9      | Reached *** piety under the Shining One
 12425 | D:9      | Reached skill level 1 in Ranged Weapons
 12781 | D:9      | Noticed Psyche
 12788 | D:9      | Killed Psyche
 12789 | D:9      | Reached skill level 1 in Hexes
 13113 | D:10     | Entered Level 10 of the Dungeon
 13376 | D:10     | Learned a level 2 spell: Poisonous Vapours
 13426 | D:10     | Found a shimmering blue altar of Sif Muna.
 13468 | D:10     | Found an ornate altar of the Wu Jian Council.
 14140 | D:11     | Reached skill level 1 in Poison Magic
 14294 | D:11     | Found a staircase to the Orcish Mines.
 14317 | D:11     | Noticed a cyclops
 14325 | D:11     | Killed a cyclops
 14326 | D:11     | Reached XP level 12. HP: 52/91 MP: 9/22
 14526 | D:11     | Noticed a boulder beetle
 14534 | D:11     | Reached skill level 1 in Air Magic
 14549 | D:11     | Killed a boulder beetle
 14904 | D:11     | Reached **** piety under the Shining One
 15264 | Lair:1   | Entered Level 1 of the Lair of Beasts
 15346 | Lair:1   | Found a gate leading to a gauntlet.
 15356 | Gauntlet | Entered a Gauntlet
 15356 | Gauntlet | Found a transporter.
 15360 | Gauntlet | Noticed a tengu warrior
 15366 | Gauntlet | Found a transporter.
 15381 | Gauntlet | Found a transporter.
 15386 | Gauntlet | Found a transporter.
 15403 | Gauntlet | Found a transporter.
 15419 | Gauntlet | Noticed a death yak
 15419 | Gauntlet | Noticed a death yak
 15420 | Gauntlet | Noticed a death yak
 15420 | Gauntlet | Noticed a death yak
 15421 | Gauntlet | Found a transporter.
 15421 | Gauntlet | Noticed a death yak
 15433 | Gauntlet | Found a transporter.
 15445 | Gauntlet | Found a transporter.
 15457 | Gauntlet | Found a transporter.
 15469 | Gauntlet | Found a transporter.
 15475 | Gauntlet | Found a transporter.
 15475 | Gauntlet | Found a transporter.
 15514 | Gauntlet | Found a transporter.
 15539 | Gauntlet | Found a transporter.
 15541 | Gauntlet | Found a transporter.
 15561 | Gauntlet | Found a transporter.
 15639 | Gauntlet | Found a transporter.
 15659 | Gauntlet | Found a transporter.
 15934 | Gauntlet | Killed a tengu warrior
 16115 | Gauntlet | Reached skill level 5 in Summonings
 16130 | Gauntlet | Identified the +4 short sword of Amexalargh {drain, rCorr}
 16226 | Gauntlet | Noticed a minotaur
 16238 | Gauntlet | Killed a minotaur
 16239 | Gauntlet | Reached skill level 5 in Invocations
 16239 | Gauntlet | Found the macabre finger necklace {Finger+ rN+}
 16453 | Lair:1   | Reached skill level 10 in Dodging
 16453 | Lair:1   | Reached skill level 1 in Shields
 16592 | Lair:1   | Reached ***** piety under the Shining One
 16669 | Lair:1   | Identified the +5 ring mail "Motsen" {Str+3}
 17838 | Lair:2   | Noticed a death yak
 17839 | Lair:2   | Noticed a death yak
 17839 | Lair:2   | Noticed a death yak
 17839 | Lair:2   | Noticed a death yak
 17849 | Lair:2   | Noticed a death yak
 17859 | Lair:1   | Reached XP level 13. HP: 85/98 MP: 23/23
 18359 | Lair:2   | Found a hole to the Spider Nest.
 18370 | Lair:2   | The Shining One protects you from harm!
 19447 | Lair:3   | Reached skill level 10 in Ice Magic
 20368 | Lair:4   | Reached skill level 11 in Dodging
 20757 | Lair:4   | Reached skill level 1 in Long Blades
 20757 | Lair:4   | Reached XP level 14. HP: 72/108 MP: 25/26
 20900 | Lair:4   | Reached skill level 5 in Poison Magic
 21106 | Lair:4   | Identified the +7 great sword "Nalamo Iruow" {vamp, SInv
                  | Stlth+}
 21243 | Lair:4   | Reached skill level 5 in Armour
 21678 | Lair:5   | Entered Level 5 of the Lair of Beasts
 22265 | Lair:5   | Found a staircase to the Slime Pits.
 22359 | Lair:5   | Reached ****** piety under the Shining One
 22633 | Lair:5   | Reached skill level 5 in Shields
 22709 | Lair:5   | Reached skill level 5 in Ranged Weapons
 23069 | Lair:5   | Reached skill level 12 in Dodging
 23174 | Lair:5   | Found a viscous altar of Jiyva.
 23502 | Lair:5   | Reached XP level 15. HP: 109/115 MP: 25/27
 23933 | Lair:5   | Reached skill level 10 in Fighting
 24368 | Lair:5   | Got the Textbook on Voltage and the Body
 24874 | Lair:5   | Found a corrupted altar of Lugonu.
 24874 | Lair:5   | Found a one-way gate to the infinite horrors of the Abyss.
 25388 | D:9      | Killed DeathPants's ghost
 25672 | Orc:1    | Entered Level 1 of the Orcish Mines
 25678 | Orc:1    | Found Woh Fits's Assorted Antiques.
 25715 | Orc:1    | Noticed Urug
 25915 | D:11     | Learned a level 3 spell: Mephitic Cloud
 26458 | D:11     | Killed Urug
 27365 | Orc:2    | Entered Level 2 of the Orcish Mines
 27562 | Orc:2    | Noticed an orc warlord
 27578 | Orc:2    | Killed an orc warlord
 27591 | Orc:2    | Reached skill level 1 in Conjurations
 27855 | Orc:2    | Noticed Saint Roka
 27882 | Orc:2    | Killed Saint Roka
 28519 | Orc:2    | Noticed Jorgrun
 28535 | Orc:2    | Noticed Erolcha
 28717 | Orc:2    | Killed Erolcha
 28775 | Orc:2    | Found Ciruno's Antique Weapon Shoppe.
 28791 | Orc:2    | Bought a bloodstained trident for 178 gold pieces
 28791 | Orc:2    | Identified the +10 trident of Zipym {protect, Dex+7} (You
                  | bought it in a shop on level 2 of the Orcish Mines)
 28818 | Orc:2    | Found Wiedal's General Store.
 28825 | Orc:2    | Bought a scroll of identify for 32 gold pieces
 28883 | Orc:2    | Found a staircase to the Elven Halls.
 29326 | Orc:2    | Found Luups's Book Shoppe.
 29346 | Orc:2    | Found Isaroopi's Antique Armour Shoppe.
 29462 | Orc:2    | Killed Jorgrun
 29696 | Orc:1    | Bought a fuming emerald potion for 21 gold pieces
 29697 | Orc:1    | Bought a pair of glowing boots for 180 gold pieces
 29733 | Orc:2    | Bought a glowing scarf for 272 gold pieces
 29733 | Orc:2    | Bought a dyed leather armour for 170 gold pieces
 30294 | D:12     | Reached XP level 16. HP: 124/124 MP: 29/29
 30416 | D:12     | Reached skill level 13 in Dodging
 30591 | D:12     | Reached XP level 17. HP: 127/130 MP: 30/30
 30960 | D:12     | Noticed Sonja
 30984 | D:12     | Killed Sonja
 31599 | D:13     | Found a runed translucent gate.
 31599 | D:13     | Found a runed translucent gate.
 31603 | D:13     | Found a runed translucent gate.
 31607 | D:13     | Noticed ytrimaz's ghost (journeyman FoFi)
 31938 | D:13     | HP: 4/131 [+6 long sword (18)]
 31950 | D:13     | HP: 4/131 [+6 long sword (3)]
 31955 | D:13     | The Shining One protects you from harm!
 31960 | D:12     | Slain by a +6 long sword

Illustrated notes

Levels and vault maps discovered:
D:1:      dpeg_arrival_arbitrary_b, layout_basic,
          shapermc_ecumenical_altar_flowoftime
D:2:      wad_river_or_something, layout_basic, kennysheep_generic_room_7
D:3:      layout_rooms, uniq_crazy_yiuf_cottage
D:4:      layout_gridville, mainiacjoe_overflow_alcove_1, temple_hall,
          kennysheep_doodads
D:5:      cheibrodos_quashed, layout_loops_ring, serial_shops,
          nicolae_shop_window_shopping, uniq_eustachio
D:6:      layout_layer_cave, serial_rivers, chequers_serial_rivers_small_a,
          chequers_serial_rivers_small_3, chequers_serial_rivers_room_a,
          chequers_serial_rivers_marsh, chequers_serial_rivers_micro_e,
          chequers_serial_rivers_small_b
D:7:      layout_loops_corners, mainiacjoe_overflow_24_doors, serial_aquarium,
          aquarium_bridge_long_separate [aquarium_subvault_balcony,
          aquarium_subvault_bridge, aquarium_subvault_bridge,
          aquarium_subvault_wall, aquarium_subvault_bridge,
          aquarium_subvault_balcony], aquarium_bridge_straight
          [aquarium_subvault_bridge, aquarium_subvault_wall,
          aquarium_subvault_bridge, aquarium_subvault_wall],
          aquarium_window_corridor_1, aquarium_window_fake, aquarium_view_2d,
          aquarium_pool_four, uniq_maggie
D:8:      kennysheep_windowed_halls, layout_loops_ring, hellmonk_lair_entry_icy,
          uniq_joseph
D:9:      layout_roguey, ebering_ghost_rock_garden, uniq_psyche
D:10:     layout_irregular_city, mainiacjoe_overflow_catch_the_wave
D:11:     layout_roguey, minmay_orc_entry_temple_small, lemuel_flamethrower_1
D:12:     wad_statue_garden, layout_basic, uniq_sonja
D:13:     layout_basic, erik_vaults_1, gammafunk_ghost_necromancy
Temple:   regret_index_temple_mists
Lair:1:   layout_roguey, gauntlet_entry_generic,
          portal_ice_cave_entry_pillars_2, beast_lair_carwin_7
Lair:2:   layout_regular_city, nicolae_spider_entry_non_spiders, st_stairs_13
Lair:3:   cheibrodos_magma_flow, layout_chaotic_city,
          nicolae_shoals_entry_flooding
Lair:4:   layout_cave_shapes
Lair:5:   hellmonk_lair_end_abyssal_woods, layout_long_grid,
          nicolae_slime_entry_field_trip, infiniplex_staircase_pool_2,
          grunt_megastairs_5
Orc:1:    layout_caves, serial_shops, nicolae_diamond_shop, minmay_orc_keep,
          uniq_urug
Orc:2:    grunt_orc_cross, layout_diamond_mine, nicolae_orc_crystal_geode,
          uniq_erolcha, uniq_jorgrun, uniq_saint_roka

Skill      XL: |  1  2  3  4  5  6  7  8  9 10 11 12 13 14 15 16 17 |
---------------+----------------------------------------------------+-----
Dodging        | 3 4 5 6 7 8 9 10 11 12 13 | 13.3
Fighting       | 1 2 3 4 5 6 7 8 9 10 11 | 11.0
Short Blades   | 1 2 3 4 5 7 8 9 |  9.8
Polearms       | 1 2 3 5 6 7 |  7.6
Ice Magic      | 5 6 7 8 9 10 11 12 | 12.0
Spellcasting   | 3 4 5 6 7 8 9 |  9.7
Evocations     | 1 2 3 |  3.0
Throwing       | 2 3 |  3.0
Summonings     | 1 3 4 5 6 |  6.0
Armour         | 1 2 3 4 5 6 |  6.4
Invocations    | 3 4 5 6 |  6.9
Ranged Weapons | 2 3 4 5 6 |  6.4
Hexes          | 2 3 |  3.0
Poison Magic   | 1 3 4 5 6 7 |  7.3
Air Magic      | 2 3 |  3.0
Shields        | 1 3 5 6 |  6.0
Long Blades    | 1 4 |  4.8
Conjurations   | 2 3 |  3.0
Stealth        | |  2.1

Action                     |  1- 3 |  4- 6 |  7- 9 | 10-12 | 13-15 | 16-18 || total
---------------------------+-------+-------+-------+-------+-------+-------++-------
  Melee: Short sword       |    49 |   126 |    49 |       |       |       ||   224
         Unarmed           |     1 |       |       |       |       |       ||     1
         Spear             |       |    52 |       |       |    88 |       ||   140
         Punch             |       |     2 |     1 |     9 |       |       ||    12
         Falchion          |       |       |    76 |   308 |   478 |       ||   862
         Tailslap          |       |       |     1 |       |     4 |       ||     5
         Trident           |       |       |       |       |    93 |   124 ||   217
   Fire: Sling             |       |       |       |    15 |    13 |       ||    28
  Throw: Boomerang         |       |       |    48 |     1 |       |       ||    49
         Dart              |       |       |       |    41 |    25 |     1 ||    67
         Javelin           |       |       |       |       |     2 |       ||     2
   Cast: Freeze            |    45 |    45 |    55 |    47 |   321 |     6 ||   519
         Ozocubu's Armour  |       |     6 |    32 |    80 |   123 |    17 ||   258
         Frozen Ramparts   |       |     4 |    36 |    77 |   110 |    16 ||   243
         Summon Ice Beast  |       |       |       |    29 |   138 |    13 ||   180
         Poisonous Vapours |       |       |       |    10 |   116 |    24 ||   150
         Ensorcelled Hiber |       |       |       |     2 |     3 |       ||     5
         Mephitic Cloud    |       |       |       |       |     1 |       ||     1
 Invoke: Divine Shield     |       |       |       |       |     1 |       ||     1
  Evoke: Wand              |       |     8 |    11 |    10 |    11 |       ||    40
         Lightning rod     |       |       |       |       |     3 |       ||     3
    Use: Scroll            |       |     6 |     7 |    15 |     9 |     2 ||    39
         Potion            |       |       |       |     6 |    12 |     4 ||    22
   Stab: Sleeping          |     6 |     7 |       |       |       |       ||    13
 Armour: Robe              |    12 |    34 |    56 |       |    18 |    31 ||   151
         Steam dragon scal |       |       |     1 |   174 |   377 |       ||   552
         Ring mail         |       |       |       |       |    18 |       ||    18
         Skin              |       |       |       |       |     8 |       ||     8
  Dodge: Dodged            |    48 |   110 |   126 |   377 |   958 |   148 ||  1767
  Block: Buckler           |       |       |       |    11 |   332 |    57 ||   400

Table legend: (Time is in decaauts)
 A = Elapsed time spent in this place.
 B = Non-inter-level travel time spent in this place.
 C = Inter-level travel time spent in this place.
 D = Time resting spent in this place.
 E = Time spent auto-exploring this place.
 F = Levels seen in this place.
 G = Mean time per level.
                   A        B        C        D        E       F      G
               +--------+--------+--------+--------+--------+-----+--------+
         Total |  31974 |  29900 |   2074 |   5267 |  17603 |  22 | 1453.4 |
       Dungeon |  18840 |  17333 |   1507 |   2550 |  11197 |  13 | 1449.2 |
        Temple |    103 |     89 |     14 |      0 |     72 |   1 |  103.0 |
          Lair |   9004 |   8580 |    424 |   1430 |   4785 |   5 | 1800.8 |
  Orcish Mines |   2966 |   2838 |    128 |    820 |   1245 |   2 | 1483.0 |
      Gauntlet |   1059 |   1059 |      0 |    466 |    303 |   1 | 1059.0 |
               +--------+--------+--------+--------+--------+-----+--------+

Top non-repeatable levels by time:
  Lair:5: 2929 daAuts
     D:7: 2591 daAuts
    D:11: 2275 daAuts
   Orc:2: 2115 daAuts
  Lair:2: 2029 daAuts
     D:8: 1818 daAuts
  Lair:4: 1809 daAuts
     D:5: 1719 daAuts
    D:12: 1709 daAuts
     D:6: 1440 daAuts
     D:4: 1352 daAuts
     D:1: 1331 daAuts
  Lair:3: 1228 daAuts
     D:2: 1227 daAuts
     D:9: 1084 daAuts
